Map: NeoHumanity LE

Players

坦克 - Winner!

  • Race: Zerg Zerg
  • Spawn Location: 11:00

winzboy

  • Race: Protoss Protoss
  • League: Gold
  • Spawn Location: 5:00

VOD

Have the link to the VOD?

Description

Time

  • Played on: May 25, 2023, 9:46 p.m.
  • Length: 15:03
Show
View Real Time Build Order
Export as new Build Order

坦克 Zerg - Winner!

Build Orders: 3 Hatch before Pool 

Get SALT Encoding   

  12  0:01  Drone  
  13  0:14  Drone  
  14  0:36  Hatchery  
  14  0:42  Overlord  
  13  0:47  Drone  
  14  1:10  Drone x2  
  16  1:12  Drone  
  17  1:24  Hatchery  
  16  1:31  Drone  
  17  1:36  Drone  
  18  1:47  Extractor, Spawning Pool  
  17  1:51  Drone  
  17  1:53  Drone  
  18  2:03  Drone x2  
  18  2:08  Drone  
  21  2:13  Drone  
  22  2:15  Extractor  
  22  2:17  Drone  
  22  2:23  Drone  
  22  2:29  Drone  
  24  2:40  Evolution Chamber  
  24  2:41  Roach Warren  
  24  2:42  Drone  
  24  2:44  Drone  
  24  2:53  Drone x2  
  24  2:54  Drone x2  
  24  2:57  Extractor  
  27  3:00  Extractor  
  26  3:10  Queen  
  26  3:11  Drone  
  26  3:12  Drone  
  30  3:17  Zerg Missile Weapons Level 1  
  30  3:23  Drone x2  
  32  3:31  Spore Crawler  
  31  3:36  Roach  
  31  3:37  Overlord  
  33  3:44  Drone  
  33  3:46  Overlord  
  34  3:56  Roach  
  34  3:57  Roach  
  34  3:59  Drone  
  34  4:00  Drone  
  40  4:06  Drone  
  40  4:07  Drone  
  42  4:11  Roach  
  42  4:14  Roach  
  46  4:20  Drone  
  46  4:21  Drone  
  48  4:32  Drone x2  
  48  4:33  Overlord  
  48  4:34  Overlord  
  50  4:51  Overlord x2  
  50  4:53  Evolution Chamber  
  50  4:57  Lair  
  49  5:01  Drone  
  49  5:02  Drone  
  51  5:09  Roach  
  51  5:10  Roach  
  51  5:11  Roach, Zerg Ground Armor Level 1  
  51  5:12  Roach  
  59  5:14  Drone  
  60  5:26  Metabolic Boost  
  60  5:29  Drone  
  60  5:30  Drone x5  
  66  5:37  Zerg Melee Weapons Level 1  
  66  5:42  Extractor, Drone  
  66  5:43  Drone x3  
  66  5:44  Extractor  
  66  5:47  Roach  
  70  5:55  Roach x3  
  70  5:56  Roach  
  78  5:58  Overlord  
  78  6:05  Roach x2  
  78  6:06  Overlord  
  82  6:12  Burrow, Spore Crawler  
  81  6:21  Spire  
  81  6:23  Zergling x2  
  81  6:24  Zergling x2  
  81  6:25  Drone x2, Zergling x2  
  85  6:27  Zergling x2  
  85  6:29  Zergling x2  
  85  6:32  Overseer  
  87  6:43  Overlord x2  
  87  6:44  Roach x2  
  91  6:53  Ravager x4  
  91  6:54  Ravager  
  96  6:57  Roach, Overlord x3  
  98  7:23  Pneumatized Carapace  
  89  7:43  Roach x3  
  89  7:44  Roach x2  
  93  7:54  Roach x4  
  93  7:55  Roach x2  
  92  7:59  Roach, Zergling x2  
  77  8:14  Roach x3  
  81  8:20  Zergling x2  
  81  8:21  Roach, Zergling x2  
  85  8:30  Hydralisk Den  
  85  8:31  Roach x3, Infestation Pit  
  89  8:40  Roach x3  
  95  8:45  Ravager x2  
  95  8:46  Ravager x2  
  99  8:49  Zergling x2  
  99  8:50  Zergling x8  
  99  8:54  Zerg Melee Weapons Level 2  
  104  9:02  Roach x3  
  109  9:14  Roach x2, Zergling x2  
  109  9:15  Zergling x2  
  97  9:24  Roach  
  97  9:25  Roach x2  
  85  9:36  Zergling x4  
  85  9:37  Roach  
  78  9:45  Zergling x4  
  72  9:51  Mutalisk  
  74  9:53  Mutalisk x2  
  78  10:00  Drone  
  78  10:04  Hatchery  
  78  10:08  Mutalisk x2  
  78  10:09  Mutalisk  
  84  10:17  Mutalisk x3  
  84  10:21  Zerg Flyer Weapons Level 1  
  90  10:27  Lurker Den  
  89  10:32  Mutalisk x3  
  86  10:37  Mutalisk x2  
  86  10:41  Mutalisk  
  80  10:46  Zergling x6  
  80  10:47  Mutalisk x2  
  80  10:55  Mutalisk  
  82  11:09  Mutalisk x2  
  82  11:10  Zergling x6  
  86  11:16  Mutalisk x2  
  86  11:22  Zergling x4  
  86  11:29  Mutalisk  
  86  11:30  Zergling x6  
  86  11:38  Zergling x4  
  84  11:41  Zergling x4  
  83  11:52  Zergling x8  
  79  12:00  Zergling x4  
  81  12:07  Mutalisk x2  
  81  12:16  Zergling x8  
  81  12:22  Drone x2  
  87  12:23  Drone x2  
  89  12:31  Mutalisk x2  
  79  13:10  Mutalisk x2  
  79  13:11  Mutalisk  
  79  13:12  Zergling x14  
  92  13:13  Zergling x4  
  76  13:49  Mutalisk x5  
  76  13:50  Mutalisk x7  
  92  14:11  Mutalisk x2  
  92  14:12  Mutalisk x4  
  92  14:15  Drone x2  
  106  14:23  Zergling x6  
  109  14:27  Mutalisk  
Show
View Real Time Build Order
Export as new Build Order

winzboy Protoss 

Build Orders: 1 Gate Expand, Archon Immortal 

Get SALT Encoding   

  12  0:01  Probe  
  13  0:13  Probe  
  14  0:21  Pylon  
  14  0:25  Probe  
  15  0:41  Gateway  
  15  0:46  Probe (Chrono Boost)  
  15  0:49  Assimilator  
  16  0:56  Probe (Chrono Boost)  
  17  1:01  Probe (Chrono Boost)  
  18  1:12  Probe  
  19  1:25  Probe  
  20  1:30  Cybernetics Core  
  20  1:39  Nexus  
  20  1:43  Probe  
  21  1:49  Assimilator  
  21  1:55  Probe  
  22  2:07  Probe  
  23  2:09  Pylon  
  23  2:14  Warp Gate (Chrono Boost)  
  23  2:27  Probe, Adept  
  26  2:39  Probe  
  26  2:43  Robotics Facility  
  27  2:46  Gateway  
  27  2:47  Gateway  
  27  2:51  Probe  
  28  2:55  Adept  
  30  3:17  Pylon  
  31  3:20  Probe (Chrono Boost)  
  31  3:24  Probe (Chrono Boost), Stalker  
  34  3:30  Probe (Chrono Boost)  
  34  3:34  Probe (Chrono Boost)  
  36  3:35  Probe (Chrono Boost)  
  36  3:38  Stalker  
  39  3:44  Probe  
  39  3:46  Probe  
  41  3:54  Stalker (Chrono Boost)  
  43  4:01  Probe, Pylon  
  44  4:05  Assimilator  
  44  4:10  Assimilator  
  44  4:12  Probe  
  44  4:13  Probe  
  46  4:19  Observer  
  46  4:20  Pylon  
  46  4:24  Probe  
  48  4:26  Stalker  
  48  4:27  Stalker  
  52  4:34  Stalker  
  52  4:36  Probe  
  52  4:37  Probe  
  56  4:40  Immortal  
  60  4:54  Twilight Council  
  60  4:56  Pylon  
  60  5:02  Pylon  
  60  5:14  Pylon  
  60  5:22  Gateway  
  60  5:24  Gateway  
  60  5:26  Gateway  
  60  5:28  Gateway  
  60  5:30  Gateway  
  60  5:33  Gateway  
  60  5:36  Probe, Gateway  
  61  5:43  Probe  
  61  5:46  Probe  
  61  5:49  Charge (Chrono Boost)  
  63  5:51  Probe  
  63  5:54  Probe  
  64  5:59  Probe  
  64  6:02  Probe  
  67  6:14  Immortal (Chrono Boost)  
  71  6:32  Templar Archives  
  71  6:39  Gateway  
  71  6:43  Forge  
  71  6:45  Shield Battery  
  71  6:46  Warp Prism, Zealot x2  
  77  6:48  Shield Battery  
  77  6:51  Pylon  
  77  6:53  Pylon  
  77  6:55  Zealot x2  
  77  6:56  Zealot  
  83  7:08  Sentry  
  85  7:11  High Templar  
  85  7:12  High Templar x2  
  85  7:13  High Templar x2  
  85  7:14  High Templar  
  85  7:15  High Templar  
  99  7:19  Archon x2  
  99  7:20  Archon  
  69  7:56  Zealot x2  
  69  7:57  Zealot  
  69  7:58  Zealot  
  63  7:59  Zealot x2  
  63  8:00  Zealot x2  
  63  8:02  Zealot  
  63  8:03  Zealot  
  67  8:18  Zealot x2  
  67  8:19  Zealot  
  73  8:20  Immortal  
  77  8:38  Nexus  
  77  8:41  Stalker x2  
  81  8:54  High Templar  
  81  8:55  High Templar x3  
  87  8:56  High Templar  
  87  8:59  Immortal  
  87  9:00  Archon x2  
  95  9:09  Zealot  
  97  9:10  Zealot  
  85  9:21  Zealot x2  
  85  9:22  Zealot  
  85  9:28  Zealot x3  
  85  9:29  Zealot  
  75  9:38  Zealot  
  75  9:39  Zealot x2  
  81  9:53  Zealot x2  
  81  9:54  Zealot x2  
  81  9:55  Zealot x3  
  95  10:14  Zealot  
  95  10:15  Zealot x3  
  95  10:16  Zealot x2  
  95  10:17  Zealot  
  89  10:56  Zealot  
  87  10:57  Stalker  
  87  10:58  Stalker x3  
  87  10:59  Stalker x2  
  87  11:03  High Templar  
  87  11:04  High Templar x2  
  97  11:12  Archon  
  91  11:21  Stalker  
  91  11:22  Stalker x3  
  91  11:23  Stalker  
  93  11:29  Stalker x2  
  83  11:40  Zealot  
  83  11:41  Zealot x2  
  67  11:56  Zealot x3  
  67  11:57  Zealot x3  
  61  12:09  High Templar  
  53  12:15  High Templar  
  53  12:16  High Templar x2  
  53  12:17  High Templar x3  
  53  12:18  High Templar x2  
  53  12:21  Archon  
  53  12:22  Archon x2  
  63  12:23  Archon  
  63  12:25  Stalker  
  65  12:35  Assimilator  
  65  12:40  Assimilator  
  58  12:51  Zealot x2  
  54  12:52  Zealot x2  
  54  12:53  Zealot  
  56  13:04  High Templar x2  
  48  13:18  High Templar  
  40  13:20  Stalker  
  40  13:24  Archon  
  35  13:54  Nexus  
  33  14:07  High Templar  
  33  14:12  High Templar  
  35  14:33  Archon  
Tags
 
Add a new tag
Caveats
  • Supply blocks, unpowered buildings, or Contaminate may cause inaccurate times.
  • Supply counts are checked every 10 seconds.